[Event "BAN-chT SAIF POWERTEC 2020"]
[Site "Dhaka"]
[Date "2021.03.19"]
[Round "1.3"]
[White "Reefat, Bin-Sattar"]
[Black "Sahu, Sekhar Chandra"]
[Result "1/2-1/2"]
[ECO "B20"]
[WhiteElo "2409"]
[BlackElo "2049"]
[Annotator "NA"]
[PlyCount "78"]
[EventDate "2021.03.19"]
[EventType "team-tourn"]
[EventCountry "BAN"]
[SourceTitle "playchess.com"]
[Source "ChessBase"]
[SourceQuality "1"]
[TimeControl "5400+30"]

1. e4 c5 2. b3 Nc6 3. Bb2 a6 4. Nf3 d6 5. d4 cxd4 6. Nxd4 Nf6 7. Nd2 d5 8. Nxc6 bxc6 9. e5 Nd7 10. e6 fxe6 11. Bd3 Qc7 12. Qh5+ Kd8 13. O-O-O a5 14. a4 Qf4 15. Kb1 g6 16. Qe2 e5 17. g3 Qf7 18. f4 Nc5 19. Qe3 e6 20. Bxe5 Rg8 21. Bd4 Nxd3 22. cxd3 Qb7 23. Rc1 Bb4 24. Bc3 Bd6 25. Ka2 Bd7 26. Rc2 Ke7 27. Rhc1 Kf7 28. Be5 Be7 29. g4 c5 30. Qh3 Rh8 31. Rxc5 Qb4 32. R5c2 h5 33. gxh5 Rxh5 34. Qg3 Ra7 35. d4 Rb7 36. Qd3 Rxh2 37. Rg1 Rh6 38. Nb1 Bxa4 39. Rb2 Bb5 1/2-1/2

[Event "BAN-chT SAIF POWERTEC 2020"]
[Site "Dhaka"]
[Date "2021.03.19"]
[Round "1.4"]
[White "Deshmukh, Anup"]
[Black "Mehdi Hasan Parag"]
[Result "1-0"]
[ECO "A22"]
[WhiteElo "2190"]
[BlackElo "2204"]
[Annotator "NA"]
[PlyCount "51"]
[EventDate "2021.03.19"]
[EventType "team-tourn"]
[EventCountry "BAN"]
[SourceTitle "playchess.com"]
[Source "ChessBase"]
[SourceQuality "1"]
[TimeControl "5400+30"]

1. c4 e5 2. Nc3 Nf6 3. g3 d5 4. cxd5 Nxd5 5. Bg2 Nxc3 6. bxc3 Nc6 7. Rb1 Bc5 8. Qa4 Qf6 9. Nf3 O-O 10. O-O Rb8 11. d3 Bd7 12. Ng5 Be7 13. Be4 g6 14. Bd5 Qd6 15. Bg2 Kg7 16. f4 f5 17. fxe5 Nxe5 18. Qxa7 b6 19. d4 Nc6 20. Qa4 Ra8 21. Qc2 Bxg5 22. Bxg5 Be6 23. Bf4 Qd7 24. d5 Bxd5 25. Rfd1 Ra5 26. c4 1-0

[Event "BAN-chT SAIF POWERTEC 2020"]
[Site "Dhaka"]
[Date "2021.03.19"]
[Round "1.5"]
[White "Hamid, Rani"]
[Black "Mohammad Fahad, Rahman"]
[Result "0-1"]
[ECO "B59"]
[WhiteElo "1923"]
[BlackElo "2307"]
[Annotator "NA"]
[PlyCount "102"]
[EventDate "2021.03.19"]
[EventType "team-tourn"]
[EventCountry "BAN"]
[SourceTitle "playchess.com"]
[Source "ChessBase"]
[SourceQuality "1"]
[TimeControl "5400+30"]

1. e4 c5 2. Nf3 d6 3. d4 cxd4 4. Nxd4 Nf6 5. Nc3 Nc6 6. Be2 e5 7. Nb3 Be7 8. O-O O-O 9. Be3 a5 10. a4 Nb4 11. f4 Be6 12. Kh1 Rc8 13. Bf3 Qc7 14. Rf2 b6 15. Nb5 Qb8 16. c3 exf4 17. Bd4 Nc6 18. Bxf6 Bxf6 19. N3d4 Nxd4 20. Nxd4 Rce8 21. Rd2 Be5 22. Bg4 Qb7 23. Qf3 Bxg4 24. Qxg4 Qxe4 25. Nf5 h5 26. Qh3 g6 27. Nh4 Bxc3 28. Rf2 Bxb2 29. Raf1 Bd4 30. Rf3 d5 31. g4 fxg3 32. hxg3 Be5 33. Qg2 d4 34. Qf2 Rc8 35. Re1 Qd5 36. Qg2 Bg7 37. Nxg6 Rfe8 38. Ne7+ Rxe7 39. Rxe7 Rc1+ 40. Kh2 d3 41. Rfxf7 Rc2 42. Rf2 Rxf2 43. Qxf2 d2 44. Re1 dxe1=Q 45. Qxe1 Qe5 46. Qd1 Bf6 47. Qb3+ Kg7 48. Qf3 h4 49. Qg4+ Kh6 50. Qf4+ Qxf4 51. gxf4 Kg6 0-1

[Event "BAN-chT SAIF POWERTEC 2020"]
[Site "Dhaka"]
[Date "2021.03.19"]
[Round "1.8"]
[White "Mollah Abdullah, Al Rakib"]
[Black "Sultana, Sharmin Shirin"]
[Result "1-0"]
[ECO "D10"]
[WhiteElo "2463"]
[BlackElo "2002"]
[Annotator "ChessBase"]
[PlyCount "67"]
[EventDate "2021.03.19"]
[EventType "team-tourn"]
[EventCountry "BAN"]
[SourceTitle "playchess.com"]
[Source "ChessBase"]
[SourceQuality "1"]
[TimeControl "5400+30"]

1. d4 d5 2. c4 c6 3. Bf4 Nf6 4. e3 Bf5 5. Nc3 e6 6. Qb3 Qb6 7. c5 Qxb3 8. axb3 Nbd7 9. h3 Be7 10. b4 a6 11. b5 cxb5 12. Bxb5 O-O 13. Ba4 b5 14. Bd1 Rfc8 15. Nf3 Ne8 16. Be2 Bd8 17. O-O h6 18. b4 Bc7 19. Ne5 Nxe5 20. Bxe5 f6 21. Bh2 Bxh2+ 22. Kxh2 Nc7 23. Ra5 Rd8 24. Rfa1 e5 25. Rd1 Rab8 26. Ra2 Be6 27. g4 Re8 28. Rad2 Rbd8 29. e4 dxe4 30. d5 Bf7 31. d6 Ne6 32. d7 Rf8 33. c6 Ra8 34. c7 1-0

[Event "BAN-chT SAIF POWERTEC 2020"]
[Site "Dhaka"]
[Date "2021.03.19"]
[Round "1.9"]
[White "Zia, Tahsin Tajwar"]
[Black "Chowdhury, Sohel"]
[Result "1-0"]
[ECO "D02"]
[WhiteElo "2092"]
[BlackElo "2149"]
[Annotator "NA"]
[PlyCount "77"]
[EventDate "2021.03.19"]
[EventType "team-tourn"]
[EventCountry "BAN"]
[SourceTitle "playchess.com"]
[Source "ChessBase"]
[SourceQuality "1"]
[TimeControl "5400+30"]

1. Nf3 d5 2. d4 Nf6 3. Bf4 e6 4. e3 c5 5. Nbd2 Nc6 6. c3 Bd6 7. Bg3 O-O 8. Bd3 b6 9. Qe2 Bb7 10. Rd1 cxd4 11. exd4 Re8 12. Bxd6 Qxd6 13. Ne5 Rac8 14. O-O Ne7 15. f4 Qc7 16. g4 Nd7 17. Rde1 Nf8 18. g5 Nf5 19. Qg4 Nd6 20. Rf3 Qe7 21. Qh5 f5 22. gxf6 Qxf6 23. Ng4 Qf7 24. Nh6+ gxh6 25. Rg3+ Ng6 26. Bxg6 hxg6 27. Rxg6+ Kf8 28. Qxh6+ Ke7 29. Rexe6+ Kd7 30. Rxd6+ Kc7 31. Rg7 Rg8 32. Rdg6 Rxg7 33. Qxg7 Rf8 34. f5 Qxg7 35. Rxg7+ Kb8 36. Nf3 Rxf5 37. Ne5 a5 38. Kg2 Ba6 39. Nd7+ 1-0

[Event "BAN-chT SAIF POWERTEC 2020"]
[Site "Dhaka"]
[Date "2021.03.19"]
[Round "1.11"]
[White "Jabed Al Azad"]
[Black "Gukesh D"]
[Result "0-1"]
[ECO "B06"]
[WhiteElo "2002"]
[BlackElo "2563"]
[Annotator "RC"]
[PlyCount "62"]
[EventDate "2021.03.19"]
[EventType "team-tourn"]
[EventCountry "BAN"]
[SourceTitle "playchess.com"]
[Source "ChessBase"]
[SourceQuality "1"]
[TimeControl "5400+30"]

1. e4 g6 2. d4 Bg7 3. Nf3 d6 4. h3 Nd7 5. Bd3 e5 6. d5 Ne7 7. O-O O-O 8. c4 f5 9. Nc3 f4 10. Ng5 Nc5 11. b4 Nxd3 12. Qxd3 Nf5 13. exf5 Qxg5 14. fxg6 e4 15. gxh7+ Kh8 16. Nxe4 Qg6 17. Rb1 f3 18. g3 Bxh3 19. Re1 Bg2 20. g4 Qxh7 21. Ng3 Qxd3 22. Be3 Be5 23. Rbd1 Qh7 24. Bd4 Bxd4 25. Rxd4 Qh3 26. g5 Bh1 27. Rh4+ Qxh4 28. Re4 Qh3 29. Rh4+ Qxh4 30. Nxh1 Qh3 31. Ng3 Qg2# 0-1

[Event "BAN-chT SAIF POWERTEC 2020"]
[Site "Dhaka"]
[Date "2021.03.19"]
[Round "1.12"]
[White "Neelotpal, Das"]
[Black "Erigaisi Arjun"]
[Result "0-1"]
[ECO "C47"]
[WhiteElo "2425"]
[BlackElo "2559"]
[Annotator "ChessBase"]
[PlyCount "92"]
[EventDate "2021.03.19"]
[EventType "team-tourn"]
[EventCountry "BAN"]
[SourceTitle "playchess.com"]
[Source "ChessBase"]
[SourceQuality "1"]
[TimeControl "5400+30"]

1. e4 e5 2. Nf3 Nc6 3. Nc3 Nf6 4. d4 exd4 5. Nxd4 Bb4 6. Nxc6 bxc6 7. Bd3 O-O 8. O-O d5 9. exd5 cxd5 10. Bg5 c6 11. Qf3 h6 12. Bxf6 Qxf6 13. Qxf6 gxf6 14. Ne2 Bc5 15. Ng3 Re8 16. Rfe1 Re5 17. Kf1 Rb8 18. f4 Rxe1+ 19. Rxe1 Kf8 20. b3 Rb4 21. Ne2 Be3 22. Rd1 a5 23. c3 Rb8 24. h3 h5 25. f5 h4 26. Bc2 Ba6 27. Bd3 Bb7 28. Nd4 Bf4 29. c4 c5 30. Ne2 Be5 31. cxd5 Bxd5 32. Rc1 Rc8 33. Nc3 Bc6 34. Be4 Bd7 35. Nd5 Bd4 36. Nb6 Bb5+ 37. Nc4 a4 38. bxa4 Bxa4 39. Rb1 Re8 40. Bd3 Re7 41. Re1 Ra7 42. Nd6 Bc6 43. Bc4 Be5 44. Nb5 Ra4 45. Be2 Rxa2 46. Rc1 Rxe2 0-1

[Event "BAN-chT SAIF POWERTEC 2020"]
[Site "Dhaka"]
[Date "2021.03.20"]
[Round "2.3"]
[White "Sanket Chakravarty"]
[Black "Reefat, Bin-Sattar"]
[Result "0-1"]
[ECO "A22"]
[WhiteElo "2106"]
[BlackElo "2409"]
[Annotator "NA"]
[PlyCount "36"]
[EventDate "2021.03.19"]
[EventType "team-tourn"]
[EventCountry "BAN"]
[SourceTitle "playchess.com"]
[Source "ChessBase"]
[SourceQuality "1"]
[WhiteTeam "India"]
[BlackTeam "Bangladesh"]
[WhiteTeamCountry "IND"]
[BlackTeamCountry "BAN"]
[TimeControl "5400+30"]

1. c4 e5 2. g3 Nf6 3. Bg2 d5 4. cxd5 Nxd5 5. Nc3 Nb6 6. e3 Nc6 7. Nge2 h5 8. h3 h4 9. g4 f5 10. gxf5 Bxf5 11. d4 exd4 12. Nxd4 Nxd4 13. exd4 Qe7+ 14. Be3 c6 15. d5 Qe5 16. dxc6 Rd8 17. Qf3 Bd6 18. O-O-O Qxc3+ 0-1

[Event "BAN-chT SAIF POWERTEC 2020"]
[Site "Dhaka"]
[Date "2021.03.20"]
[Round "2.4"]
[White "Mehdi Hasan Parag"]
[Black "Mihir Lal, Das"]
[Result "1-0"]
[ECO "B45"]
[WhiteElo "2204"]
[BlackElo "1964"]
[Annotator "NA"]
[PlyCount "61"]
[EventDate "2021.03.19"]
[EventType "team-tourn"]
[EventCountry "BAN"]
[SourceTitle "playchess.com"]
[Source "ChessBase"]
[SourceQuality "1"]
[WhiteTeam "Bangladesh"]
[BlackTeam "Bangladesh"]
[WhiteTeamCountry "BAN"]
[BlackTeamCountry "BAN"]
[TimeControl "5400+30"]

1. e4 c5 2. Nf3 e6 3. d4 cxd4 4. Nxd4 Nf6 5. Nc3 Nc6 6. Nxc6 bxc6 7. e5 Nd5 8. Ne4 Qc7 9. f4 Qb6 10. c4 Bb4+ 11. Ke2 f5 12. exf6 Nxf6 13. Be3 Qc7 14. Nxf6+ gxf6 15. c5 d6 16. Qxd6 Qxd6 17. cxd6 Bxd6 18. Rc1 Rb8 19. b3 Kd7 20. Kf2 a5 21. Bc4 e5 22. Rhd1 Kc7 23. Bd5 Bd7 24. f5 c5 25. Be4 Rb4 26. Rxd6 Rxe4 27. Rxf6 Rc8 28. Rxc5+ Kb7 29. Rxc8 Kxc8 30. Rf8+ Kc7 31. f6 1-0

[Event "BAN-chT SAIF POWERTEC 2020"]
[Site "Dhaka"]
[Date "2021.03.20"]
[Round "2.5"]
[White "Mohammad Fahad, Rahman"]
[Black "Shahnaz, Mohammad Faruque"]
[Result "1-0"]
[ECO "B90"]
[WhiteElo "2307"]
[BlackElo "1831"]
[Annotator "NA"]
[PlyCount "67"]
[EventDate "2021.03.19"]
[EventType "team-tourn"]
[EventCountry "BAN"]
[SourceTitle "playchess.com"]
[Source "ChessBase"]
[SourceQuality "1"]
[WhiteTeam "Bangladesh"]
[BlackTeam "Bangladesh"]
[WhiteTeamCountry "BAN"]
[BlackTeamCountry "BAN"]
[TimeControl "5400+30"]

1. e4 c5 2. Nf3 d6 3. d4 cxd4 4. Nxd4 Nf6 5. Nc3 a6 6. Be3 e5 7. Nb3 Be6 8. f3 Be7 9. Qd2 Nbd7 10. g4 Nb6 11. O-O-O Nfd7 12. Nd5 Bxd5 13. exd5 Qc7 14. Na5 Rc8 15. Kb1 Na4 16. c4 Bd8 17. Nb3 a5 18. c5 Naxc5 19. Bb5 O-O 20. Nxc5 Nxc5 21. Bxc5 dxc5 22. d6 Qb6 23. a4 c4 24. Rc1 Qd4 25. Qxd4 exd4 26. d7 Rc7 27. Rhd1 Bg5 28. Rxd4 Bd8 29. Rcxc4 b6 30. Re4 Rxc4 31. Bxc4 g6 32. Re8 Kg7 33. Kc2 Rh8 34. Re6 1-0

[Event "BAN-chT SAIF POWERTEC 2020"]
[Site "Dhaka"]
[Date "2021.03.20"]
[Round "2.8"]
[White "Shawket Bin, Osman Shaon"]
[Black "Rahman, Ziaur"]
[Result "0-1"]
[ECO "D30"]
[WhiteElo "1982"]
[BlackElo "2419"]
[Annotator "NA"]
[PlyCount "92"]
[EventDate "2021.03.19"]
[EventType "team-tourn"]
[EventCountry "BAN"]
[SourceTitle "playchess.com"]
[Source "ChessBase"]
[SourceQuality "1"]
[WhiteTeam "Bangladesh"]
[BlackTeam "Bangladesh"]
[WhiteTeamCountry "BAN"]
[BlackTeamCountry "BAN"]
[TimeControl "5400+30"]

1. d4 Nf6 2. c4 e6 3. Nf3 d5 4. e3 Nbd7 5. Bd3 dxc4 6. Bxc4 a6 7. O-O c5 8. a4 cxd4 9. exd4 Nb6 10. Bb3 Be7 11. Nc3 O-O 12. Qe2 Nbd5 13. a5 Bd7 14. Ne5 Bc6 15. Rd1 Bb4 16. Nxc6 bxc6 17. Bd2 Qb8 18. Bc4 Bd6 19. g3 Qa7 20. Be1 Rfd8 21. Rac1 Bf8 22. Nxd5 Nxd5 23. Qe4 g6 24. Bf1 Qb7 25. Rc2 Bg7 26. Rdc1 Ne7 27. Bc3 Rd6 28. h4 h5 29. Rd1 Rad8 30. Rcd2 Nf5 31. g4 hxg4 32. Qxg4 Bh6 33. Rd3 Kh7 34. Bg2 Rg8 35. Rh3 Ng7 36. Bd2 f5 37. Qf3 Bxd2 38. Rxd2 Qd7 39. Rc2 Rd5 40. h5 gxh5 41. Rxh5+ Nxh5 42. Qxh5+ Kg7 43. Bxd5 Qxd5 44. Kf1 Rh8 45. Qg5+ Kf7 46. Rc3 Qb5+ 0-1

[Event "BAN-chT SAIF POWERTEC 2020"]
[Site "Dhaka"]
[Date "2021.03.20"]
[Round "2.9"]
[White "Chowdhury, Sohel"]
[Black "Erigaisi Arjun"]
[Result "0-1"]
[ECO "C63"]
[WhiteElo "2149"]
[BlackElo "2559"]
[Annotator "ChessBase"]
[PlyCount "53"]
[EventDate "2021.03.19"]
[EventType "team-tourn"]
[EventCountry "BAN"]
[SourceTitle "playchess.com"]
[Source "ChessBase"]
[SourceQuality "1"]
[WhiteTeam "Bangladesh"]
[BlackTeam "India"]
[WhiteTeamCountry "BAN"]
[BlackTeamCountry "IND"]
[TimeControl "5400+30"]

1. e4 e5 2. Nf3 Nc6 3. Bb5 f5 4. d3 fxe4 5. dxe4 Nf6 6. O-O d6 7. Re1 Bg4 8. c3 Be7 9. Bc4 Qd7 10. Bg5 O-O-O 11. Nbd2 Rdf8 12. b4 Nh5 13. Be3 Nf4 14. Bf1 Rf6 15. Qa4 Rhf8 16. b5 Nb8 17. Qxa7 Nxg2 18. Bxg2 Bh3 19. Ng5 Rg6 20. Nf1 Bxg5 21. Bxg5 Rxg5 22. Ng3 h5 23. Qe3 Rg6 24. Qe2 h4 25. Qh5 Rh6 26. Qg5 hxg3 27. Kf1 0-1

[Event "BAN-chT SAIF POWERTEC 2020"]
[Site "Dhaka"]
[Date "2021.03.20"]
[Round "2.11"]
[White "Abu Sufian, Shakil"]
[Black "Zia, Tahsin Tajwar"]
[Result "1/2-1/2"]
[ECO "C18"]
[WhiteElo "2244"]
[BlackElo "2092"]
[Annotator "NA"]
[PlyCount "73"]
[EventDate "2021.03.19"]
[EventType "team-tourn"]
[EventCountry "BAN"]
[SourceTitle "playchess.com"]
[Source "ChessBase"]
[SourceQuality "1"]
[WhiteTeam "Bangladesh"]
[BlackTeam "Bangladesh"]
[WhiteTeamCountry "BAN"]
[BlackTeamCountry "BAN"]
[TimeControl "5400+30"]

1. e4 e6 2. d4 d5 3. Nc3 Bb4 4. e5 c5 5. a3 Bxc3+ 6. bxc3 Qa5 7. Bd2 Qa4 8. Qg4 Kf8 9. Qd1 Ne7 10. Nf3 b6 11. Be3 Ba6 12. dxc5 Bxf1 13. Rxf1 Nd7 14. cxb6 axb6 15. Bd4 Nc6 16. Qb1 Ke7 17. Kd2 Na5 18. Qb4+ Qxb4 19. axb4 Nc4+ 20. Ke2 f6 21. exf6+ gxf6 22. Nd2 Nd6 23. f4 h5 24. Rxa8 Rxa8 25. Rf3 Ra3 26. Rh3 e5 27. fxe5 fxe5 28. Bf2 Nb5 29. Nb3 Ra2 30. Kd1 Na3 31. Be3 Nxc2 32. Bc1 Nf6 33. Bg5 Ke6 34. Nc1 Rb2 35. Nd3 Ra2 36. Nc1 Rb2 37. Nd3 1/2-1/2

[Event "BAN-chT SAIF POWERTEC 2020"]
[Site "Dhaka"]
[Date "2021.03.20"]
[Round "2.12"]
[White "Mitrabha, Guha"]
[Black "Mohammad Minhaz Uddin"]
[Result "1-0"]
[ECO "D00"]
[WhiteElo "2445"]
[BlackElo "2295"]
[Annotator "NA"]
[PlyCount "79"]
[EventDate "2021.03.19"]
[EventType "team-tourn"]
[EventCountry "BAN"]
[SourceTitle "playchess.com"]
[Source "ChessBase"]
[SourceQuality "1"]
[WhiteTeam "India"]
[BlackTeam "Bangladesh"]
[WhiteTeamCountry "IND"]
[BlackTeamCountry "BAN"]
[TimeControl "5400+30"]

1. d4 Nf6 2. Bg5 e6 3. Nd2 c5 4. e3 d5 5. c3 Nc6 6. f4 h6 7. Bh4 Bd6 8. Ngf3 b6 9. Bb5 Bb7 10. Ne5 Qc7 11. Qa4 Bxe5 12. fxe5 Ne4 13. Qd1 g5 14. Bg3 O-O-O 15. O-O h5 16. Be1 Rdf8 17. Nxe4 dxe4 18. Qe2 Na5 19. b4 cxb4 20. cxb4 Nc6 21. Rc1 Kb8 22. Bd2 Qd7 23. a4 Rc8 24. Rc2 Qe7 25. Rb1 Rc7 26. Bxc6 Bxc6 27. b5 Bd5 28. Bb4 Rxc2 29. Qxc2 Qd7 30. a5 Rc8 31. Qb2 Rc4 32. Bd6+ Kc8 33. axb6 axb6 34. Ra1 Kd8 35. h4 g4 36. Kh2 f5 37. Qf2 Qxb5 38. Qf4 Ra4 39. Qg5+ Kc8 40. Qe7 1-0

[Event "BAN-chT SAIF POWERTEC 2020"]
[Site "Dhaka"]
[Date "2021.03.21"]
[Round "3.1"]
[White "Alam, Monjur"]
[Black "Mohammad Fahad, Rahman"]
[Result "0-1"]
[ECO "D52"]
[WhiteElo "1853"]
[BlackElo "2307"]
[Annotator "ChessBase"]
[PlyCount "112"]
[EventDate "2021.03.19"]
[EventType "team-tourn"]
[EventCountry "BAN"]
[SourceTitle "playchess.com"]
[Source "ChessBase"]
[SourceQuality "1"]
[WhiteTeam "Bangladesh"]
[BlackTeam "Bangladesh"]
[WhiteTeamCountry "BAN"]
[BlackTeamCountry "BAN"]
[TimeControl "5400+30"]

1. d4 d5 2. c4 c6 3. Nc3 Nf6 4. Nf3 e6 5. Bg5 Nbd7 6. e3 Qa5 7. Nd2 Bb4 8. Qc2 dxc4 9. Bxf6 Nxf6 10. Bxc4 e5 11. dxe5 Qxe5 12. O-O O-O 13. Nf3 Qh5 14. Ne2 Bg4 15. Ng3 Qa5 16. Be2 Rad8 17. a3 Bd6 18. Rfd1 h5 19. Nd4 g6 20. b4 Qe5 21. Bf3 Bc8 22. Nf1 Ng4 23. Bxg4 Bxg4 24. f3 Bc8 25. Rd2 a5 26. Qb3 axb4 27. axb4 Qe7 28. Rb1 h4 29. Qc3 Rfe8 30. Nc2 Be5 31. Qc5 Bd6 32. Qc3 Be5 33. Qc5 Rxd2 34. Nxd2 Qc7 35. Nf1 Rd8 36. b5 Rd5 37. Qc4 Rxb5 38. Rxb5 cxb5 39. Qxb5 h3 40. Nd4 hxg2 41. Kxg2 Bd7 42. Qd5 b5 43. f4 Bxd4 44. Qxd4 Qc2+ 45. Kg3 Qf5 46. Nd2 Qh3+ 47. Kf2 Qxh2+ 48. Ke1 Bg4 49. Qd3 Qg3+ 50. Kf1 Bh3+ 51. Ke2 Qg4+ 52. Ke1 Qg1+ 53. Nf1 b4 54. Qd8+ Kg7 55. Qd4+ Kh7 56. Qc4 Qxf1+ 0-1

[Event "BAN-chT SAIF POWERTEC 2020"]
[Site "Dhaka"]
[Date "2021.03.21"]
[Round "3.5"]
[White "Erigaisi Arjun"]
[Black "Abu Sufian, Shakil"]
[Result "1-0"]
[ECO "D15"]
[WhiteElo "2559"]
[BlackElo "2244"]
[Annotator "RC"]
[PlyCount "113"]
[EventDate "2021.03.19"]
[EventType "team-tourn"]
[EventCountry "BAN"]
[SourceTitle "playchess.com"]
[Source "ChessBase"]
[SourceQuality "1"]
[WhiteTeam "India"]
[BlackTeam "Bangladesh"]
[WhiteTeamCountry "IND"]
[BlackTeamCountry "BAN"]
[TimeControl "5400+30"]

1. Nf3 d5 2. c4 c6 3. e3 Nf6 4. Nc3 a6 5. d4 b5 6. b3 Bg4 7. Be2 e6 8. O-O Nbd7 9. h3 Bh5 10. a4 b4 11. Nb1 Bd6 12. Nbd2 O-O 13. Bb2 Ne4 14. Rc1 Qb8 15. cxd5 cxd5 16. Nxe4 dxe4 17. Nd2 Bxe2 18. Qxe2 Qb7 19. Nc4 Bc7 20. Rc2 Nf6 21. Rfc1 Nd5 22. Ne5 Bxe5 23. dxe5 Rfc8 24. Rc4 a5 25. Bd4 Ne7 26. Rxc8+ Rxc8 27. Rxc8+ Qxc8 28. Qb5 h6 29. Qxa5 Qc1+ 30. Kh2 Nd5 31. Qa8+ Kh7 32. a5 Nc3 33. Bxc3 bxc3 34. Qxe4+ g6 35. a6 Qa1 36. Qc4 Kg7 37. a7 Qxa7 38. Qxc3 Qa2 39. b4 Qxf2 40. b5 g5 41. Qd4 h5 42. b6 h4 43. Qb4 Qxe3 44. b7 Qxe5+ 45. Kg1 Qe3+ 46. Kf1 Qd3+ 47. Ke1 Qe3+ 48. Kd1 Qd3+ 49. Kc1 Qf1+ 50. Kb2 Qxg2+ 51. Kb3 Qd5+ 52. Ka4 Qa2+ 53. Kb5 Qd5+ 54. Kb6 Qd8+ 55. Kc6 Qb8 56. Qd6 Qe8+ 57. Kc7 1-0

[Event "BAN-chT SAIF POWERTEC 2020"]
[Site "Dhaka"]
[Date "2021.03.21"]
[Round "3.7"]
[White "Uddin, Saif"]
[Black "Ahmed, Sheikh Nasir"]
[Result "0-1"]
[ECO "A00"]
[WhiteElo "1855"]
[BlackElo "2193"]
[Annotator "ChessBase"]
[PlyCount "96"]
[EventDate "2021.03.19"]
[EventType "team-tourn"]
[EventCountry "BAN"]
[SourceTitle "playchess.com"]
[Source "ChessBase"]
[SourceQuality "1"]
[WhiteTeam "Bangladesh"]
[BlackTeam "Bangladesh"]
[WhiteTeamCountry "BAN"]
[BlackTeamCountry "BAN"]
[TimeControl "5400+30"]

1. Nf3 Nf6 2. b4 e6 3. a3 b6 4. e3 Bb7 5. d4 Be7 6. Be2 O-O 7. c4 c5 8. bxc5 bxc5 9. O-O cxd4 10. exd4 d6 11. Nc3 Nbd7 12. Rb1 Qc8 13. Bf4 Nb6 14. Nd2 Nfd7 15. Be3 e5 16. a4 d5 17. Qb3 dxc4 18. Nxc4 Nxc4 19. Bxc4 Rb8 20. Qa2 Nb6 21. Nd5 Bxd5 22. Bxd5 Qd7 23. Bb3 exd4 24. Rfd1 Bf6 25. Rd2 Rbd8 26. Rbd1 Qg4 27. f3 Qh4 28. Bf2 Qf4 29. a5 Nc8 30. Qa4 Ne7 31. Bxd4 Bxd4+ 32. Rxd4 Qe3+ 33. Kf1 Rxd4 34. Rxd4 Nf5 35. Re4 Qd2 36. Re2 Qc3 37. Qa2 g6 38. a6 Nd4 39. Rb2 Kg7 40. Bd5 Re8 41. Qb1 Nf5 42. Be4 Ne3+ 43. Ke2 Nc4 44. Rc2 Qe3+ 45. Kf1 Nd2+ 46. Rxd2 Qxd2 47. Qa1+ Kg8 48. h4 Rc8 0-1

[Event "BAN-chT SAIF POWERTEC 2020"]
[Site "Dhaka"]
[Date "2021.03.21"]
[Round "3.8"]
[White "Subrota, Biswas"]
[Black "Masum, Hossain"]
[Result "1-0"]
[ECO "B70"]
[WhiteElo "2262"]
[BlackElo "2054"]
[Annotator "ChessBase"]
[PlyCount "63"]
[EventDate "2021.03.19"]
[EventType "team-tourn"]
[EventCountry "BAN"]
[SourceTitle "playchess.com"]
[Source "ChessBase"]
[SourceQuality "1"]
[WhiteTeam "Bangladesh"]
[BlackTeam "Bangladesh"]
[WhiteTeamCountry "BAN"]
[BlackTeamCountry "BAN"]
[TimeControl "5400+30"]

1. e4 c5 2. Nf3 d6 3. d4 cxd4 4. Nxd4 Nf6 5. Nc3 g6 6. g3 Bg7 7. Bg2 O-O 8. O-O Nc6 9. Nde2 Bd7 10. h3 Rc8 11. b3 Nb4 12. a3 Na6 13. Be3 b6 14. Qd2 Bc6 15. b4 Nc7 16. e5 Bxg2 17. exf6 Bxh3 18. fxg7 Re8 19. Rfd1 Bg4 20. Kg2 Qd7 21. f3 Qc6 22. Nd4 Qb7 23. Kf2 Bd7 24. Rh1 d5 25. Bf4 f6 26. Bxc7 Rxc7 27. Nde2 e6 28. Qf4 Kf7 29. g8=Q+ Rxg8 30. Rxh7+ Rg7 31. Qh6 Rxh7 32. Qxh7+ 1-0

[Event "BAN-chT SAIF POWERTEC 2020"]
[Site "Dhaka"]
[Date "2021.03.21"]
[Round "3.12"]
[White "Chatterjee, Debaraj"]
[Black "Rahman, Taibur"]
[Result "1/2-1/2"]
[ECO "E04"]
[WhiteElo "2223"]
[BlackElo "2215"]
[Annotator "ChessBase"]
[PlyCount "82"]
[EventDate "2021.03.19"]
[EventType "team-tourn"]
[EventCountry "BAN"]
[SourceTitle "playchess.com"]
[Source "ChessBase"]
[SourceQuality "1"]
[WhiteTeam "Bangladesh"]
[BlackTeam "Bangladesh"]
[WhiteTeamCountry "BAN"]
[BlackTeamCountry "BAN"]
[TimeControl "5400+30"]

1. d4 d5 2. c4 e6 3. Nf3 Nf6 4. g3 dxc4 5. Bg2 c5 6. O-O Nc6 7. dxc5 Qxd1 8. Rxd1 Bxc5 9. Nbd2 c3 10. bxc3 Bd7 11. Nb3 Be7 12. Nfd4 O-O 13. Nxc6 Bxc6 14. Bxc6 bxc6 15. c4 Rfd8 16. Be3 Ne4 17. Rac1 Ba3 18. Rxd8+ Rxd8 19. Rc2 a6 20. f3 Rd1+ 21. Kg2 Nd6 22. Na5 c5 23. Nb3 Nb7 24. Bc1 Bxc1 25. Nxc1 Kf8 26. Nd3 Rb1 27. h4 Ke7 28. g4 f6 29. Rc3 Kd6 30. Ra3 a5 31. Rb3 Rxb3 32. axb3 Nd8 33. e3 Nc6 34. Kf2 Ne5 35. Nxe5 Kxe5 36. Ke2 f5 37. gxf5 exf5 38. Kf2 g6 39. Kg2 h6 40. Kf2 g5 41. h5 Ke6 1/2-1/2

[Event "BAN-chT SAIF POWERTEC 2020"]
[Site "Dhaka"]
[Date "2021.03.23"]
[Round "5.8"]
[White "Mohammed Abdul, Malek"]
[Black "Asif, Mahmud"]
[Result "1/2-1/2"]
[ECO "D94"]
[WhiteElo "2134"]
[BlackElo "1907"]
[Annotator "ChessBase"]
[PlyCount "64"]
[EventDate "2021.03.19"]
[EventType "team-tourn"]
[EventCountry "BAN"]
[SourceTitle "playchess.com"]
[Source "ChessBase"]
[SourceQuality "1"]
[TimeControl "5400+30"]

1. d4 Nf6 2. Nf3 g6 3. c4 Bg7 4. Nc3 d5 5. e3 O-O 6. Be2 c5 7. O-O cxd4 8. exd4 Nc6 9. h3 Bf5 10. Be3 dxc4 11. Bxc4 Ne4 12. Rc1 Nxc3 13. bxc3 Rc8 14. Be2 Na5 15. c4 Qc7 16. Qa4 Bd7 17. Qa3 Qd8 18. c5 Be6 19. Rfd1 Bd5 20. Ne5 f6 21. Nf3 Qc7 22. Ne1 Nc6 23. Nd3 e5 24. dxe5 fxe5 25. Nb4 Bf7 26. Nxc6 bxc6 27. Bf3 Be6 28. Rd6 Rxf3 29. gxf3 Bd5 30. Rd1 Qf7 31. R1xd5 cxd5 32. Qb3 d4 1/2-1/2

[Event "BAN-chT SAIF POWERTEC 2020"]
[Site "Dhaka"]
[Date "2021.03.23"]
[Round "5.11"]
[White "Chatterjee, Debaraj"]
[Black "Islam, Khandaker Aminul"]
[Result "1-0"]
[ECO "E04"]
[WhiteElo "2223"]
[BlackElo "2174"]
[Annotator "ChessBase"]
[PlyCount "105"]
[EventDate "2021.03.19"]
[EventType "team-tourn"]
[EventCountry "BAN"]
[SourceTitle "playchess.com"]
[Source "ChessBase"]
[SourceQuality "1"]
[TimeControl "5400+30"]

1. d4 Nf6 2. c4 e6 3. g3 d5 4. Nf3 dxc4 5. Bg2 Bb4+ 6. Bd2 a5 7. Qc2 c5 8. dxc5 Bxc5 9. Qxc4 Nbd7 10. O-O O-O 11. Nc3 b6 12. Rfd1 Qe7 13. Qh4 Bb7 14. Bf4 Bc6 15. Ne5 Nxe5 16. Bxe5 Bxg2 17. Bxf6 Qxf6 18. Qxf6 gxf6 19. Kxg2 Rfc8 20. Na4 b5 21. Nxc5 Rxc5 22. Rac1 Rac8 23. Rd8+ Rxd8 24. Rxc5 Rb8 25. b3 Kg7 26. a4 bxa4 27. bxa4 Ra8 28. Kf3 Ra7 29. Ke3 f5 30. Kd3 Kg6 31. Kc4 f6 32. f4 Kh5 33. h3 Rg7 34. g4+ Kh4 35. gxf5 exf5 36. Rxf5 Rf7 37. e4 Kxh3 38. e5 Rc7+ 39. Kd5 fxe5 40. fxe5 Rd7+ 41. Kc6 Rd4 42. e6 Rxa4 43. e7 Re4 44. Kd6 Rxe7 45. Kxe7 Kg4 46. Rxa5 h5 47. Kf6 h4 48. Ra4+ Kg3 49. Kg5 h3 50. Ra3+ Kg2 51. Kg4 h2 52. Ra2+ Kg1 53. Kg3 1-0